 Dungeon Crawl Stone Soup version 0.23-a0-307-gc3b755d (webtiles) character file.

34 Ijustatesigmund the Magician (level 3, -3/21 HPs)
             Began as an Octopode Wizard on Oct 10, 2018.
             Slain by a worm (9 damage)
             ... on level 2 of the Dungeon.
             The game lasted 00:02:39 (1456 turns).

Ijustatesigmund the Magician (Octopode Wizard)      Turns: 1456, Time: 00:02:39

Health: -3/21      AC:  2    Str:  6    XL:     3   Next: 31%
Magic:  0/7        EV: 13    Int: 20    God:
Gold:   58         SH:  0    Dex: 11    Spells: 2/8 levels left

rFire    . . .     SeeInvis .   b - +0 dagger (curse)
rCold    . . .     Gourm    .   (no shield)
rNeg     . . .     Faith    .   a - +1 hat
rPois    .         Spirit   .   (no amulet)
rElec    .         Reflect  .   (no ring)
rCorr    .         Harm     .   (no ring)
MR       .....                  (no ring)
Stlth    +++.......             (no ring)
HPRegen  0.07/turn              (no ring)
MPRegen  0.10/turn              (no ring)
                                (no ring)
                                (no ring)

@: no status effects
A: almost no armour, stealthy swim, amphibious, 8 rings, constrict 8, camouflage
1, gelatinous body 1
a: no special abilities


You were on level 2 of the Dungeon.
You were hungry.

You visited 1 branch of the dungeon, and saw 2 of its levels.

You collected 58 gold pieces.

Inventory:

Hand Weapons
 b - a cursed +0 dagger (weapon)
Armour
 a - a +1 hat (worn)
Scrolls
 e - a scroll of identify
Potions
 d - 2 potions of curing
 f - a potion of cancellation {unknown}
 g - a potion of heal wounds {unknown}
Comestibles
 c - 3 rations


   Skills:
 - Level 2.0 Dodging
 - Level 2.6 Stealth
 - Level 3.0 Spellcasting
 + Level 2.6 Conjurations
   Level 1.0 Summonings
 + Level 1.9 Translocations


You had 2 spell levels left.
You knew the following spells:

 Your Spells              Type           Power        Failure   Level  Hunger
a - Magic Dart            Conj           ##..         4%          1    None
b - Blink                 Tloc           N/A          10%         2    ##.....
c - Mephitic Cloud        Conj/Pois/Air  #.......     30%         3    ###....

Your spell library contained the following spells:

 Spells                   Type           Power        Failure   Level  Hunger
 Call Imp                 Summ           #.......     14%         2    ##.....
 Slow                     Hex            #.......     22%         2    ##.....
 Conjure Flame            Conj/Fire      #.......     26%         3    ###....


Dungeon Overview and Level Annotations

Branches:
Dungeon (2/15)

Altars:


Innate Abilities, Weirdness & Mutations

You cannot wear most types of armour.
You are very stealthy in the water. (Stealth+)
You are amphibious.
You can wear up to eight rings at the same time.
You can use your tentacles to constrict eight enemies at once.
Your skin changes colour to match your surroundings (Stealth+).
Your rubbery body absorbs attacks. (AC +1, EV +1)


Message History

The bat is severely wounded.
You constrict the worm. The bat hits you. The worm bites you.
* * * LOW HITPOINT WARNING * * *
Casting: Magic Dart (safe; 4% risk of failure)
Confirm with . or Enter, or press ? or * to list all spells.
Aiming: Magic Dart (safe; 4% risk of failure)
Press: ? - help, Shift-Dir - straight line, f - worm
Aim: a worm (moderately wounded, constricted by you)
The magic dart hits the worm.
The worm is heavily wounded.
You constrict the worm. The bat barely misses you. The bat closely misses you.
Casting: Magic Dart (safe; 4% risk of failure)
Confirm with . or Enter, or press ? or * to list all spells.
Aiming: Magic Dart (safe; 4% risk of failure)
Press: ? - help, Shift-Dir - straight line, f/p - worm
Aim: a worm (severely wounded, constricted by you)
The magic dart hits the worm.
The worm is severely wounded.
You constrict the worm. The bat closely misses you. The worm bites you!
You die...

..... . .†..
...... .
......# ..
#...#..## ...
......# ....
#..)## .....
#)...###......
##...w@)b#
#..######
#...# #...#
##..####
#.....#
#..##.#
##.##.# #.##.#


You could see a worm and a bat.

Vanquished Creatures
  An ooze (D:1)
  A dart slug (D:1)
  A leopard gecko (D:1)
  2 bats
  A giant cockroach (D:2)
  3 goblins
  5 hobgoblins
  4 kobolds
  2 frilled lizards (D:2)
  5 rats
25 creatures vanquished.

Vanquished Creatures (others)
  A hobgoblin (D:2)
1 creature vanquished.

Grand Total: 26 creatures vanquished

Notes
Turn   | Place    | Note
-------+----------+-------------------------------------------
     0 | D:1      | Ijustatesigmund the Octopode Wizard began the quest for the
                  | Orb.
     0 | D:1      | Reached XP level 1. HP: 11/11 MP: 4/4
   492 | D:1      | Reached XP level 2. HP: 17/17 MP: 4/6
   496 | D:1      | Learned a level 2 spell: Blink
  1286 | D:2      | Reached XP level 3. HP: 21/21 MP: 4/7
  1291 | D:2      | Learned a level 3 spell: Mephitic Cloud
  1456 | D:2      | Slain by a worm

Vault maps used:
D:1:      dpeg_arrival_renting, hangedman_decor_opposing
D:2:      fiery_altar_vehumet

Skill      XL: |  1 |
---------------+----+-----
Conjurations   | 2 |  2.6
Dodging        | |  2.0
Stealth        | |  2.6
Spellcasting   | |  3.0
Summonings     | |  1.0
Translocations | |  1.9

Action                   || total
-------------------------++-------
Melee: Dagger            ||    23
       Constrict         ||     7
 Cast: Magic Dart        ||    54
  Use: Scroll            ||     3
  Eat: Chunk             ||     1
Armor: Skin              ||     2
Dodge: Dodged            ||    20

Table legend:
 A = Non-vault XP
 B = Vault XP
 C = Vault XP percentage of total XP
 D = Non-vault monster count
 E = Vault monster count
 F = Vault count percentage of total count
                 A         B        C        D         E       F
            +---------+---------+-------+---------+---------+-------
      Total |      49 |       0 |   0.0 |      25 |       0 |   0.0
            +---------+---------+-------+---------+---------+-------
        D:1 |      30 |       0 |   0.0 |      12 |       0 |   0.0
        D:2 |      19 |       0 |   0.0 |      13 |       0 |   0.0
            +---------+---------+-------+---------+---------+-------
